 Dungeon Crawl Stone Soup version 0.31.0-7-gf635a9b802 (webtiles) character file.

Game seed: 5849529225981234141

47 Crownlay the Trooper (level 3, 0/31 HPs)
             Began as a Djinni Monk on Jan 23, 2024.
             Slain by a gnoll
             ... wielding a +0 whip
              (3 damage)
             ... on level 1 of the Dungeon.
             The game lasted 00:01:59 (1110 turns).

Crownlay the Trooper (Djinni Monk)                  Turns: 1110, Time: 00:02:00

Health: 0/31       AC:  3    Str: 10    XL:     3   Next: 97%
Gold:   69         EV: 13    Int: 13    God:
                   SH:  0    Dex: 15

rFire   + + .        e - +1 dagger (elec)
rCold   x . .        d - orb {light}
rNeg    . . .        b - +0 robe
rPois   ∞            (no helmet)
rElec   .            j - +0 cloak
rCorr   .            (no gloves)
SInv    .            (boots unavailable)
Will    .....        (no amulet)
Stlth   +            (no ring)
HPRegen 0.25/turn    (no ring)
MPRegen 0.00/turn

%: infuse magic (-1 HP)
@: flying, glowing
A: sickness immunity, fire resistance 2, cold vulnerability 1, float, innate
caster, HP casting, extra vitality 1
a: no special abilities


You were on level 1 of the Dungeon.
You visited 1 branch of the dungeon, and saw 2 of its levels.

You collected 69 gold pieces.

Inventory:

Hand Weapons
 e - a +1 dagger of electrocution (weapon)
Armour
 b - a +0 robe (worn)
 d - an orb of light (worn)
 j - a +0 cloak (worn)
Scrolls
 a - a scroll of acquirement {unknown}
 f - 2 scrolls of identify {unknown}
 i - 2 scrolls of brand weapon {unknown}
 l - a scroll of noise {unknown}
 n - a scroll of poison {unknown}
 o - a scroll of butterflies {unknown}
 p - a scroll of fog {unknown}
Potions
 c - a potion of ambrosia
 g - 2 potions of might {unknown}
 h - a potion of resistance {unknown}
 k - a potion of mutation {unknown}
 m - a potion of haste {unknown}


   Skills:
 * Level 4.2 Fighting
 - Level 2.6 Short Blades
 - Level 3.2 Dodging
 + Level 0.8 Spellcasting
 + Level 0.8 Conjurations
 + Level 0.8 Hexes
   Level 0.0 Charms
 + Level 0.8 Summonings
 + Level 0.8 Necromancy
 + Level 0.8 Translocations
   Level 0.0 Transmutations
 + Level 0.8 Fire Magic
 + Level 0.8 Ice Magic
 + Level 0.8 Air Magic
 + Level 0.8 Earth Magic
 + Level 0.8 Alchemy


You knew the following spells:

 Your Spells              Type           Power      Damage    Failure   Level
a - Sandblast             Erth           4%         2d4       21%         1
Your spell library was empty.

Dungeon Overview and Level Annotations

Branches:
Dungeon (2/15)

Altars:


Innate Abilities, Weirdness & Mutations

You are immune to sickness and miasma.
You are immune to poison.
Your flesh is very heat resistant. (rF++)
You are vulnerable to cold. (rC-)
You float through the air rather than walking.
You learn spells naturally, not from books.
Your magical power is your life essence.
You have superior vitality. (+4 MHP)


Message History

The gnoll attacks as it pursues you! The gnoll hits you with a +0 whip.
The gnoll attacks as it pursues you! The gnoll misses you.
Your magical contamination has completely faded away.
The gnoll attacks as it pursues you! The gnoll closely misses you.
You hit the gnoll but do no damage. The gnoll hits you with a +0 whip!
* * * LOW HITPOINT WARNING * * *
You hit the gnoll.
The gnoll is lightly wounded.
The gnoll misses you. The gnoll completely misses you.
There is a stone staircase leading up here.
You fly upwards.
There is a stone staircase leading down here.
HP restored.
Done exploring.
You fly downwards.
The gnoll hits you with a +0 whip!
There is a stone staircase leading up here.
You hit the gnoll but do no damage. The gnoll completely misses you.
The gnoll hits you with a +0 whip.
You hit the gnoll. Lightning courses through the gnoll!
You kill the gnoll!
The gnoll hits you but does no damage. The gnoll hits you but does no damage.
The gnoll attacks as it pursues you! The gnoll hits you with a +0 whip.
There is a stone staircase leading up here.
The gnoll hits you with a +0 whip!
* * * LOW HITPOINT WARNING * * *
The gnoll barely misses you.
You fly upwards.
There is a stone staircase leading down here.
You hit the gnoll.
The gnoll is moderately wounded.
The gnoll barely misses you. The gnoll hits you with a +0 whip.
* * * LOW HITPOINT WARNING * * *
You hit the gnoll but do no damage.
The gnoll is moderately wounded.
You barely miss the gnoll.
The gnoll is moderately wounded.
The gnoll hits you with a +0 whip.
You die...

###.# #.......#########...#...
....########.######..........####
.##......# #.##..............####
.........###.##.###.#..##.##.##..
.............##.###.#..#........#
###......######.##........##.#..#
.........# #.##.......###.#...
########## #g##..#..#.###.##.#
#.@g...........##.#
####....##.######..
##.........##### #.#.##.##.##...
##.............. #...............
#.##.##......... #.##.##.........
#....##.........


You could see 2 gnolls.

Vanquished Creatures
  A gnoll (D:2)
  An adder (D:2)
  2 dart slugs (D:1)
  2 ball pythons (D:1)
  A giant cockroach (D:1)
  4 goblins
  3 hobgoblins
  2 jackals (D:1)
  3 bats
  A frilled lizard (D:1)
  A kobold (D:1)
  4 rats
25 creatures vanquished.

Notes
Turn   | Place    | Note
-------+----------+-------------------------------------------
     0 | D:1      | Crownlay the Djinni Monk began the quest for the Orb.
     0 | D:1      | Reached XP level 1. HP: 20/20 MP: 0/0
   112 | D:1      | Reached XP level 2. HP: 22/25 MP: 0/0
   458 | D:1      | Reached XP level 3. HP: 31/31 MP: 0/0
   458 | D:1      | Learned a level 1 spell: Sandblast
   841 | D:2      | Reached skill level 4 in Fighting
  1110 | D:1      | Slain by a gnoll

Illustrated notes

Levels and vault maps discovered:
D:1:      wander_arrival_peaceful_grave, layout_loops_cross,
          chequers_serial_rivers_large_b
D:2:      wad_crossroads, layout_basic, basic_altar

Skill      XL: |  1  2  3 |
---------------+----------+-----
Fighting       | 4 |  4.2
Short Blades   | |  2.6
Dodging        | |  3.2
Spellcasting   | |  0.8
Conjurations   | |  0.8
Hexes          | |  0.8
Summonings     | |  0.8
Necromancy     | |  0.8
Translocations | |  0.8
Fire Magic     | |  0.8
Ice Magic      | |  0.8
Air Magic      | |  0.8
Earth Magic    | |  0.8
Alchemy        | |  0.8

Action                     || total
---------------------------++-------
  Melee: Dagger            ||    58
         Short sword       ||     6
   Cast: Sandblast         ||     1
 Armour: Robe              ||    31
  Dodge: Dodged            ||    44
